[Event "ICC tourney 2516 (60 10)"]
[Site "Internet Chess Club"]
[Date "2021.04.18"]
[Round "5"]
[White "Kuruvilla, Joshua Varughese:joshuakps77"]
[Black "ROWLAND, NIKOLAS:ridikulous"]
[Result "0-1"]
[ICCResult "White checkmated"]
[WhiteElo "997"]
[BlackElo "1029"]
[Opening "Giuoco Piano: Anderssen variation"]
[ECO "C54"]
[NIC "IG.02"]
[Time "13:17:10"]
[PlyCount "100"]
[TimeControl "3600+10"]

1. e4 e5 2. Nf3 Nc6 3. Bc4 Bc5 4. c3 Nf6 5. d4 exd4 6. e5 d5 7. Bb5 Ne4 8.
cxd4 Bb4+ 9. Bd2 Nxd2 10. Nbxd2 Bd7 11. O-O O-O 12. Nb3 a6 13. Bd3 f6 14.
a3 Ba5 15. Nc5 Bc8 16. e6 Bb6 17. Re1 Re8 18. Bf5 Qd6 19. Qc2 Nxd4 20. Nxd4
Qxc5 21. Qxc5 Bxc5 22. Nb3 Bd6 23. Nd4 Be5 24. Rad1 c5 25. Nf3 Bxb2 26.
Rxd5 Bxa3 27. Nd2 Bb4 28. Re2 b6 29. Nc4 b5 30. Nd6 Re7 31. Nf7 Bb7 32. Rd7
Rxd7 33. Nh6+ gxh6 34. exd7 Kf7 35. Be6+ Kf8 36. Bg4 Rd8 37. Re6 Rxd7 38.
Rxf6+ Rf7 39. Rd6 c4 40. Rd8+ Kg7 41. Be6 Re7 42. Rd7 Rxd7 43. Bxd7 c3 44.
Bf5 a5 45. Bb1 a4 46. Kf1 a3 47. Ke1 c2+ 48. Kf1 cxb1=Q+ 49. Ke2 Qe1+ 50.
Kd3 Qe4# { White checkmated } 0-1

[Event "ICC tourney 2516 (60 10)"]
[Site "Internet Chess Club"]
[Date "2021.04.18"]
[Round "5"]
[White "SPEDALIERI, JULIAN N:julians2012"]
[Black "BANDREDDI, AARUSH:AarushB"]
[Result "0-1"]
[ICCResult "White checkmated"]
[WhiteElo "1087"]
[BlackElo "876"]
[Opening "Sicilian: accelerated fianchetto, modern variation with Bc4"]
[ECO "B35"]
[NIC "SI.34"]
[Time "13:17:44"]
[PlyCount "110"]
[TimeControl "3600+10"]

1. e4 c5 2. Nf3 Nc6 3. d4 cxd4 4. Nxd4 Nf6 5. Nc3 g6 6. Be3 Bg7 7. Bc4 O-O
8. O-O Qb6 9. b3 Nxe4 10. Nxe4 Nxd4 11. c3 Rd8 12. cxd4 d5 13. Bxd5 Rxd5
14. Nc5 Bf5 15. Qf3 Rad8 16. Rfd1 Bxd4 17. Bxd4 Rxd4 18. Rxd4 Rxd4 19. Qc3
Rd8 20. Na4 Qe6 21. Qa5 Qd5 22. Qxd5 Rxd5 23. Nc3 Rc5 24. Na4 Rc2 25. h3 b5
26. Re1 bxa4 27. Rxe7 Rxa2 28. b4 a3 29. Rxa7 Ra1+ 30. Kh2 a2 31. Kg3 Be6
32. b5 Rb1 33. Ra8+ Kg7 34. Rxa2 Bxa2 35. b6 Rxb6 36. Kf3 f5 37. Kf4 Rb2
38. Kf3 g5 39. g4 Be6 40. gxf5 Bxf5 41. Kg3 Rb3+ 42. Kg2 Rxh3 43. Kg1 h5
44. f4 gxf4 45. Kg2 f3+ 46. Kg1 h4 47. Kf1 Rh1+ 48. Kf2 h3 49. Kxf3 h2 50.
Kg2 Be4+ 51. Kh3 Kf6 52. Kg3 Kf5 53. Kh3 Kf4 54. Kh4 Rg1 55. Kh3 h1=Q# {
White checkmated } 0-1

[Event "ICC tourney 2516 (60 10)"]
[Site "Internet Chess Club"]
[Date "2021.04.18"]
[Round "5"]
[White "RONDEAU, SANTIAGO:santiagorondeau"]
[Black "ZHANG, DEREK:Derekzh"]
[Result "1-0"]
[ICCResult "Black checkmated"]
[WhiteElo "1064"]
[BlackElo "861"]
[Opening "Caro-Kann: advance variation"]
[ECO "B12"]
[NIC "CK.04"]
[Time "13:17:21"]
[PlyCount "155"]
[TimeControl "3600+10"]

1. e4 c6 2. d4 d5 3. e5 Bf5 4. h4 h5 5. Bf4 e6 6. Nf3 Be7 7. Be2 Qc7 8.
Nbd2 Nd7 9. c3 Nh6 10. O-O Qd8 11. c4 Bxh4 12. cxd5 cxd5 13. Nb3 Be7 14.
Rc1 g5 15. Be3 h4 16. Nh2 h3 17. g3 Ng8 18. Bd2 f6 19. g4 Bg6 20. exf6 Bxf6
21. a4 Ne7 22. a5 a6 23. f4 gxf4 24. Bxf4 Be4 25. Bc7 Qc8 26. Be5 Nc6 27.
Bxf6 Nxf6 28. Rxf6 Rg8 29. Bf3 Bh7 30. Qe2 Rg6 31. Rxg6 Bxg6 32. Bxd5 Bf7
33. Bxc6+ bxc6 34. d5 Rb8 35. Rxc6 Qd7 36. Rc3 Qxd5 37. Nc5 Qd4+ 38. Kf1
Qf6+ 39. Nf3 Rd8 40. Nxa6 Qg6 41. Qb5+ Kf8 42. Qc5+ Kg8 43. Qc7 Qb1+ 44.
Kf2 Qd1 45. Qf4 Qd7 46. Qg5+ Kf8 47. Qh6+ Ke7 48. Rc7 Qxc7 49. Nxc7 Rc8 50.
Qg5+ Kd7 51. Qd2+ Kxc7 52. Qc2+ Kd7 53. Ne5+ Kd8 54. Nxf7+ Kd7 55. Qd3+ Ke7
56. Ne5 h2 57. Qd7+ Kf6 58. Kg2 Rc2+ 59. Kh1 Kxe5 60. Qg7+ Kf4 61. Qh6+ Kg3
62. Qe3+ Kh4 63. g5 e5 64. Qe4+ Kh3 65. Qxc2 e4 66. Qg2+ Kh4 67. Kxh2 e3
68. Qg3+ Kh5 69. Kh3 e2 70. Qg4+ Kg6 71. Qe6+ Kh5 72. Qxe2+ Kg6 73. Qe6+
Kh7 74. Qf6 Kg8 75. Qe7 Kh8 76. g6 Kg8 77. Qf7+ Kh8 78. Qh7# { Black
checkmated } 1-0

[Event "ICC tourney 2516 (60 10)"]
[Site "Internet Chess Club"]
[Date "2021.04.18"]
[Round "5"]
[White "PIEN, ALEXANDER:ayp2012"]
[Black "TIPPA, ASWATH SRISAI:IGMin2023"]
[Result "0-1"]
[ICCResult "White checkmated"]
[WhiteElo "628"]
[BlackElo "865"]
[Opening "Two knights defense"]
[ECO "C58"]
[NIC "KP.01"]
[Time "13:17:13"]
[PlyCount "80"]
[TimeControl "3600+10"]

1. e4 e5 2. Nf3 Nc6 3. Bc4 Nf6 4. Ng5 d5 5. exd5 Na5 6. Bb5+ c6 7. dxc6
bxc6 8. Ba4 h6 9. Nf3 e4 10. Ng1 Bc5 11. h3 Qd4 12. Bxc6+ Nxc6 13. Qe2 O-O
14. Qe3 Qe5 15. Qc3 Qf5 16. Qg3 Nh5 17. Qh4 g5 18. g4 Qf3 19. Nxf3 gxh4 20.
gxh5 exf3 21. Rg1+ Kh7 22. Rh1 Nb4 23. Kd1 Bf5 24. d3 Bxf2 25. Rf1 Bg3 26.
Rxf3 Bxh3 27. Rf6 Bg4+ 28. Kd2 h3 29. Kc3 Nd5+ 30. Kc4 Nxf6 31. Be3 Rac8+
32. Kb3 Rfe8 33. Bxa7 Re1 34. Bd4 Rc6 35. Ka3 h2 36. Kb4 h1=Q 37. Bxf6 Rxf6
38. Kc3 Qc6+ 39. Kd2 Re2+ 40. Kd1 Qh1# { White checkmated } 0-1

[Event "ICC tourney 2516 (60 10)"]
[Site "Internet Chess Club"]
[Date "2021.04.18"]
[Round "5"]
[White "RAJENDRAN, ISHAAN:ArtMan2030"]
[Black "LIAO, CONNOR:che2468"]
[Result "1-0"]
[ICCResult "Black checkmated"]
[WhiteElo "1148"]
[BlackElo "1488"]
[Opening "Queen's pawn, Mason variation"]
[ECO "D00"]
[NIC "QP.08"]
[Time "13:17:34"]
[PlyCount "101"]
[TimeControl "3600+10"]

1. d4 d5 2. Bf4 Bf5 3. c4 c6 4. Nc3 e6 5. Qb3 Qc8 6. e3 Nd7 7. Rc1 Ngf6 8.
Nf3 Nh5 9. Bg3 Nxg3 10. hxg3 Be7 11. cxd5 exd5 12. Nxd5 Bd6 13. Bd3 Be6 14.
e4 Qd8 15. Qxb7 cxd5 16. exd5 Qa5+ 17. Kf1 Bxd5 18. Qxa8+ Bxa8 19. Rc8+ Ke7
20. Rxh8 Bxf3 21. gxf3 h6 22. Kg2 Qd2 23. Be4 Qxd4 24. Re1 Ne5 25. f4 Bc5
26. Re2 Nc4 27. Rc8 Kd7 28. Bf5+ Kd6 29. Rd8+ Kc6 30. Rxd4 Bxd4 31. Rc2 Kb5
32. Bd3 Kb6 33. Rxc4 g6 34. Rxd4 a5 35. b4 axb4 36. Rxb4+ Kc6 37. a4 Kc5
38. a5 Kxb4 39. a6 Kc3 40. a7 Kxd3 41. a8=Q f5 42. Qa6+ Kc3 43. Qxg6 h5 44.
Qxf5 Kb2 45. Qd3 h4 46. f5 h3+ 47. Kxh3 Kc1 48. f6 Kb2 49. f7 Kc1 50. f8=Q
Kb2 51. Qfa3# { Black checkmated } 1-0

[Event "ICC tourney 2516 (60 10)"]
[Site "Internet Chess Club"]
[Date "2021.04.18"]
[Round "5"]
[White "WEYMAN, GRANT A:grantwey"]
[Black "MORDANI, AADIT:ironman31"]
[Result "0-1"]
[ICCResult "White checkmated"]
[WhiteElo "669"]
[BlackElo "1123"]
[Opening "Scandinavian defense"]
[ECO "B01"]
[NIC "SD.03"]
[Time "13:17:37"]
[PlyCount "72"]
[TimeControl "3600+10"]

1. e4 d5 2. exd5 Nf6 3. Nc3 Nxd5 4. Bc4 Nb6 5. Be2 Nc6 6. Nf3 e5 7. d3 Bg4
8. h3 Bf5 9. O-O Bd6 10. Be3 O-O 11. a3 Be7 12. Re1 Bf6 13. Na2 Nd4 14. c3
Nxf3+ 15. Bxf3 c6 16. Be2 Nd5 17. Bd2 Re8 18. Rf1 Qd6 19. Bc1 Bd8 20. Bf3
Bc7 21. Bxd5 cxd5 22. f4 Qg6 23. Kh2 exf4 24. Bxf4 Bxf4+ 25. Rxf4 Qd6 26.
g3 Re3 27. Qg1 Re2+ 28. Rf2 Rae8 29. Qg2 Qe6 30. Raf1 Bxd3 31. Qf3 Bf5 32.
Qxf5 Qxf5 33. Kg1 Rxf2 34. Rxf2 Re1+ 35. Kg2 Qe4+ 36. Kh2 Rh1# { White
checkmated } 0-1

[Event "ICC tourney 2516 (60 10)"]
[Site "Internet Chess Club"]
[Date "2021.04.18"]
[Round "5"]
[White "PAWAR, AVIN A:PS33ChessNinja"]
[Black "YOON, JEREMY K:chessburger0220"]
[Result "1-0"]
[ICCResult "Black resigns"]
[WhiteElo "879"]
[BlackElo "1235"]
[Opening "Two knights defense (Modern bishop's opening)"]
[ECO "C55"]
[NIC "IG.01"]
[Time "13:17:17"]
[PlyCount "49"]
[TimeControl "3600+10"]

1. e4 e5 2. Nf3 Nc6 3. Bc4 Nf6 4. d3 Be7 5. O-O d6 6. h3 Be6 7. Bb3 Qd7 8.
Nc3 h6 9. Be3 O-O-O 10. Ba4 Kb8 11. d4 exd4 12. Nxd4 Ka8 13. Qd3 Rb8 14. f4
d5 15. Nxc6 bxc6 16. f5 dxe4 17. fxe6 Qxe6 18. Qa6 Rb6 19. Bxb6 cxb6 20.
Rad1 Bc5+ 21. Kh1 Nh5 22. Nxe4 Qxe4 23. Rxf7 Be7 24. Bxc6+ Qxc6 25. Rxe7 {
Black resigns } 1-0

[Event "ICC tourney 2516 (60 10)"]
[Site "Internet Chess Club"]
[Date "2021.04.18"]
[Round "5"]
[White "FIGELMAN, DAVID:tinyattacker"]
[Black "GAO, LILIANNA:QueenOfBlade"]
[Result "0-1"]
[ICCResult "White resigns"]
[WhiteElo "1231"]
[BlackElo "998"]
[Opening "Sicilian: dragon, 6.Be3"]
[ECO "B72"]
[NIC "SI.16"]
[Time "13:17:35"]
[PlyCount "117"]
[TimeControl "3600+10"]

1. e4 c5 2. Nf3 d6 3. d4 cxd4 4. Nxd4 Nf6 5. Nc3 g6 6. Be3 Bg7 7. Qd2 Ng4
8. Bg5 Nc6 9. Bb5 Bd7 10. Nxc6 Bxc6 11. Bxc6+ bxc6 12. h3 Ne5 13. Qe2 Rb8
14. Bc1 Nd7 15. Qe3 Qa5 16. Bd2 Qb6 17. Qxb6 axb6 18. a4 O-O 19. g4 Ne5 20.
f4 Nf3+ 21. Ke2 Nxd2 22. Kxd2 b5 23. b3 b4 24. Ne2 Bxa1 25. Rxa1 c5 26. a5
Rb5 27. a6 Ra8 28. e5 Rb6 29. a7 Rb7 30. exd6 exd6 31. Ra6 Rd7 32. f5 Raxa7
33. Rc6 Rac7 34. Ra6 gxf5 35. gxf5 f6 36. Nf4 Kf7 37. Nd5 Ra7 38. Rc6 Ra1
39. Nb6 Rd8 40. Rc7+ Kg8 41. Nd5 Rf8 42. Rd7 Rf1 43. Ne7+ Kh8 44. Rxd6 Rf7
45. Rd8+ Kg7 46. Rg8+ Kh6 47. Nd5 Rd7 48. Ke2 Rxf5 49. Nb6 Re7+ 50. Kd2
Rf2+ 51. Kd3 Rf3+ 52. Kc4 Rc3+ 53. Kb5 Rxc2 54. Na4 Re5 55. Rc8 c4+ 56.
Kxb4 cxb3 57. Rd8 b2 58. Nxb2 Rxb2+ 59. Kc4 { White resigns } 0-1

[Event "ICC tourney 2516 (60 10)"]
[Site "Internet Chess Club"]
[Date "2021.04.18"]
[Round "5"]
[White "Cheng, Samuel:Samuel1001"]
[Black "Liang, Warren:warrenl"]
[Result "1-0"]
[ICCResult "Black checkmated"]
[WhiteElo "724"]
[BlackElo "1118"]
[Opening "Sicilian: Pelikan, Chelyabinsk variation"]
[ECO "B33"]
[NIC "SI.37"]
[Time "13:18:29"]
[PlyCount "119"]
[TimeControl "3600+10"]

1. e4 c5 2. Nf3 Nc6 3. d4 cxd4 4. Nxd4 Nf6 5. Nc3 e5 6. Ndb5 d6 7. Bg5 a6
8. Na3 b5 9. Nd5 Be7 10. Bd3 Nxd5 11. exd5 Bxg5 12. dxc6 O-O 13. Be4 Be6
14. c7 Qxc7 15. Bxa8 Rxa8 16. O-O Rc8 17. c3 Qd7 18. Re1 Bg4 19. f3 Bh5 20.
Kh1 Re8 21. Qd5 Qe6 22. Qxe6 Rxe6 23. Rad1 e4 24. Rd5 Bh4 25. Rxe4 Rxe4 26.
fxe4 Bg6 27. Rxd6 Bxe4 28. Rxa6 Bf2 29. Nxb5 f5 30. Nd6 Kf8 31. Nxe4 fxe4
32. Re6 e3 33. g3 Kf7 34. Re4 Kf6 35. Kg2 Kf5 36. Kf3 g5 37. a4 h5 38. h3
Bxg3 39. Rxe3 Bf4 40. Rd3 g4+ 41. hxg4+ hxg4+ 42. Kg2 Ke4 43. Rd4+ Ke3 44.
Rxf4 Kxf4 45. a5 Ke5 46. a6 Kd6 47. a7 Kc7 48. a8=Q Kb6 49. b4 Kb5 50. Qa7
Kc4 51. Qc5+ Kb3 52. b5 Kc2 53. b6 Kd2 54. Qd4+ Kc2 55. b7 Kc1 56. Qxg4 Kc2
57. b8=Q Kxc3 58. Qbg3+ Kc2 59. Qe2+ Kc1 60. Qge1# { Black checkmated } 1-0

[Event "ICC tourney 2516 (60 10)"]
[Site "Internet Chess Club"]
[Date "2021.04.18"]
[Round "5"]
[White "BOSE, SIDDHARTH:siddharthbose"]
[Black "Bhatnagar, Arjun:arjunbps10"]
[Result "1-0"]
[ICCResult "Black resigns"]
[WhiteElo "1236"]
[BlackElo "957"]
[Opening "Caro-Kann: exchange variation"]
[ECO "B13"]
[NIC "CK.02"]
[Time "13:17:09"]
[PlyCount "115"]
[TimeControl "3600+10"]

1. e4 c6 2. d4 d5 3. exd5 cxd5 4. Nc3 Nf6 5. Be2 Nc6 6. Be3 Bf5 7. Nf3 e6
8. a3 a6 9. h3 h6 10. Bd3 Bxd3 11. cxd3 Bd6 12. O-O O-O 13. Qd2 Kh7 14. b4
b5 15. Rac1 Rc8 16. Na2 Rg8 17. Kh1 Qb6 18. Qb2 Nh5 19. Rg1 Kh8 20. Qd2 Qb8
21. Bxh6 Bf4 22. Bxf4 Qxf4 23. Qxf4 Nxf4 24. Rgd1 Ne2 25. Rc2 Nexd4 26.
Nxd4 Nxd4 27. Rxc8 Rxc8 28. Rc1 Rxc1+ 29. Nxc1 Nc2 30. Nb3 Nxa3 31. Nc5 Kg8
32. Nxa6 Kf8 33. Kg1 Ke7 34. Kf1 Kd7 35. Ke2 Kc6 36. Kd2 d4 37. Nc5 Nb1+
38. Kc2 Nc3 39. Ne4 Nxe4 40. dxe4 Kd6 41. f4 e5 42. fxe5+ Kxe5 43. Kd3 f6
44. g3 g5 45. h4 gxh4 46. gxh4 Kf4 47. Kxd4 Kg4 48. e5 fxe5+ 49. Kxe5 Kxh4
50. Kd5 Kg4 51. Kc5 Kf5 52. Kxb5 Kf6 53. Ka6 Ke6 54. b5 Kd6 55. b6 Kd7 56.
Ka7 Kc8 57. b7+ Kc7 58. b8=Q+ { Black resigns } 1-0

[Event "ICC tourney 2516 (60 10)"]
[Site "Internet Chess Club"]
[Date "2021.04.18"]
[Round "5"]
[White "Goodrich, Elliott:mrforkydude"]
[Black "AYYAPPAN, SANTHOSH:SanthoshA"]
[Result "1/2-1/2"]
[ICCResult "Game drawn by mutual agreement"]
[WhiteElo "1412"]
[BlackElo "1661"]
[Opening "Giuoco Piano: Anderssen variation"]
[ECO "C54"]
[NIC "IG.02"]
[Time "13:17:25"]
[PlyCount "130"]
[TimeControl "3600+10"]

1. e4 e5 2. Nf3 Nc6 3. Bc4 Bc5 4. c3 Nf6 5. d4 exd4 6. e5 d5 7. Bb5 Ne4 8.
cxd4 Bb4+ 9. Bd2 Nxd2 10. Nbxd2 Bd7 11. O-O O-O 12. Rc1 Nxe5 13. dxe5 Bxb5
14. Re1 Bc6 15. a3 Bxd2 16. Qxd2 Re8 17. Qf4 Bd7 18. Rcd1 c6 19. b4 Qc7 20.
Qg5 Qd8 21. Qf4 f6 22. Nd4 fxe5 23. Rxe5 Rf8 24. Qg3 Qf6 25. Nf3 a5 26.
Rde1 axb4 27. axb4 Rfe8 28. h3 Rxe5 29. Nxe5 Re8 30. f4 Bf5 31. Qf3 Be4 32.
Qg4 Qf5 33. Qxf5 Bxf5 34. g4 Bg6 35. Kf2 Bf7 36. Ke3 g5 37. Ra1 gxf4+ 38.
Kxf4 Be6 39. b5 c5 40. b6 c4 41. Ra7 Bc8 42. Ra5 Rd8 43. h4 Kf8 44. Rc5 Kg8
45. h5 Kf8 46. g5 Kg8 47. g6 hxg6 48. Nxg6 Be6 49. Rc7 Rd7 50. Rxd7 Bxd7
51. Ne7+ Kh7 52. Nxd5 Kh6 53. Ke5 Bc6 54. Nc3 Kxh5 55. Kd4 Kg4 56. Kxc4 Kf5
57. Kc5 Ke6 58. Ne2 Kd7 59. Nd4 Bh1 60. Nc2 Ke6 61. Nb4 Be4 62. Na2 Ke5 63.
Nc3 Bc6 64. Ne2 Ke6 65. Nd4+ Kd7 { Game drawn by mutual agreement } 1/2-1/2

[Event "ICC tourney 2516 (60 10)"]
[Site "Internet Chess Club"]
[Date "2021.04.18"]
[Round "5"]
[White "KUMAR, VIHAN:bangingcuberyt"]
[Black "Bartolini, Christian Joseph:Ninjastar16"]
[Result "0-1"]
[ICCResult "White checkmated"]
[WhiteElo "631"]
[BlackElo "1258"]
[Opening "Queen's pawn, Mason variation"]
[ECO "D00"]
[NIC "QP.08"]
[Time "13:17:28"]
[PlyCount "150"]
[TimeControl "3600+10"]

1. d4 d5 2. Bf4 Nf6 3. e3 Bf5 4. Nf3 e6 5. c4 Bb4+ 6. Nc3 Ne4 7. Qb3 Bxc3+
8. bxc3 b6 9. cxd5 exd5 10. c4 Be6 11. Be2 O-O 12. O-O Nf6 13. Ng5 h6 14.
Nxe6 fxe6 15. Rac1 Nbd7 16. Qd3 Rc8 17. Bd1 c5 18. cxd5 exd5 19. dxc5 bxc5
20. Qa3 Qb6 21. Ba4 Qb4 22. Qxb4 cxb4 23. Bd6 Rfd8 24. Bxb4 Nb6 25. Bb3 Nc4
26. Bxc4 dxc4 27. Be7 Rd7 28. Bxf6 gxf6 29. Rfd1 Rdc7 30. Kf1 Kf7 31. Ke2
Ke6 32. Rd4 c3 33. Ke1 Rc6 34. Rb4 Ra6 35. Rb3 Rxa2 36. Rbxc3 Rxc3 37. Rxc3
Ra1+ 38. Ke2 Ra2+ 39. Kf3 a5 40. Rc6+ Kf5 41. Ra6 a4 42. e4+ Ke5 43. Ke3
Ra3+ 44. Kd2 Ra2+ 45. Kc3 Rxf2 46. Rxa4 Rxg2 47. Ra5+ Kxe4 48. Rh5 f5 49.
Rxh6 f4 50. Rh4 Ke3 51. Rh3+ f3 52. Kc4 Ke2 53. Rh8 f2 54. Re8+ Kf1 55. Kd3
Kg1 56. Rf8 f1=Q+ 57. Rxf1+ Kxf1 58. h4 Rh2 59. Ke3 Rxh4 60. Kd3 Rg4 61.
Ke3 Kg2 62. Kd3 Rf4 63. Ke3 Kg3 64. Kd3 Kf2 65. Kc3 Re4 66. Kd3 Kf3 67. Kc3
Ke2 68. Kc2 Re3 69. Kb2 Kd2 70. Ka2 Rc3 71. Ka1 Rc2 72. Kb1 Kc3 73. Ka1 Kb3
74. Kb1 Rc8 75. Ka1 Rc1# { White checkmated } 0-1

[Event "ICC tourney 2516 (60 10)"]
[Site "Internet Chess Club"]
[Date "2021.04.18"]
[Round "5"]
[White "WANG, LUCAS RONG CHEN:MagnetAEM"]
[Black "FISCHBEIN, LUCA DAVID:lucachesschess"]
[Result "1-0"]
[ICCResult "Black checkmated"]
[WhiteElo "1080"]
[BlackElo "1409"]
[Opening "King's Indian defense, 3.Nc3"]
[ECO "E61"]
[NIC "KI.80"]
[Time "13:17:14"]
[PlyCount "93"]
[TimeControl "3600+10"]

1. d4 Nf6 2. c4 g6 3. Nc3 Bg7 4. Nf3 O-O 5. Bg5 d6 6. e3 Nbd7 7. Be2 c6 8.
O-O h6 9. Bh4 Nh7 10. Qc2 f5 11. h3 g5 12. Bg3 Qe8 13. b4 h5 14. c5 d5 15.
a4 h4 16. Bh2 Ndf6 17. Ne5 Ne4 18. Nxe4 fxe4 19. b5 Nf6 20. bxc6 bxc6 21.
Rab1 Nh5 22. a5 Bxe5 23. Bxe5 Qg6 24. Qd1 Nf6 25. Qa4 Bd7 26. Rb7 Rad8 27.
Rxa7 g4 28. hxg4 Nxg4 29. Bc7 Nxe3 30. fxe3 h3 31. Rf2 Rxf2 32. Kxf2 Qxg2+
33. Ke1 h2 34. Bxh2 Qh1+ 35. Kd2 Qxh2 36. a6 Bg4 37. Qd1 Rb8 38. Rb7 Ra8
39. a7 Bc8 40. Rxe7 Bg4 41. Qf1 Rf8 42. a8=Q Qxe2+ 43. Qxe2 Bxe2 44. Qb7
Ba6 45. Rg7+ Kh8 46. Rh7+ Kg8 47. Qg7# { Black checkmated } 1-0

[Event "ICC tourney 2516 (60 10)"]
[Site "Internet Chess Club"]
[Date "2021.04.18"]
[Round "5"]
[White "Gaw, Zachary:zman-g"]
[Black "Deng, Michael:MichaelDeng1224"]
[Result "0-1"]
[ICCResult "White checkmated"]
[WhiteElo "727"]
[BlackElo "1080"]
[Opening "Sicilian: dragon variation"]
[ECO "B70"]
[NIC "SI.15"]
[Time "13:17:21"]
[PlyCount "132"]
[TimeControl "3600+10"]

1. e4 c5 2. Nf3 d6 3. d4 cxd4 4. Nxd4 Nf6 5. Nc3 g6 6. Bc4 Bg7 7. O-O O-O
8. Re1 Nc6 9. Be3 Ng4 10. Nxc6 bxc6 11. Bd4 e5 12. Be3 Nxe3 13. Rxe3 Be6
14. Bb3 Qe7 15. Qd3 Rfd8 16. Rd1 Rd7 17. Ba4 Rc7 18. Qxd6 Qxd6 19. Rxd6 Rb8
20. Red3 Bf8 21. Rd8 Rxb2 22. h3 Rbb7 23. R3d6 Bd7 24. Nd1 Kg7 25. Rd3 Bc8
26. Re8 Be7 27. Ne3 Be6 28. Bb3 Bxb3 29. axb3 f6 30. Nc4 Bf8 31. Rdd8 Rf7
32. Nd6 Bxd6 33. Rg8+ Kh6 34. Rxd6 c5 35. Rc6 Rbc7 36. Rc8 Rxc8 37. Rxc8
Kg5 38. Rxc5 Kf4 39. Rc4 Rd7 40. Rc6 Rf7 41. b4 Kxe4 42. b5 f5 43. b6 axb6
44. Rxb6 Rc7 45. Rb4+ Kd5 46. Rb5+ Kd4 47. Rb4+ Kc3 48. Rb5 e4 49. Kh2 Kxc2
50. Kg3 Kd2 51. Rb2+ Rc2 52. Rxc2+ Kxc2 53. Kf4 Kd2 54. Kg3 h6 55. Kh2 Ke2
56. Kg3 g5 57. h4 Kf1 58. h5 Ke2 59. f4 g4 60. Kh2 Kf2 61. g3 e3 62. Kh1 e2
63. Kh2 Kf1 64. Kh1 e1=Q 65. Kh2 Qf2+ 66. Kh1 Qg2# { White checkmated } 0-1

[Event "ICC tourney 2516 (60 10)"]
[Site "Internet Chess Club"]
[Date "2021.04.18"]
[Round "5"]
[White "SEN, SAMANT ROBERT:srsmv"]
[Black "AMBA, ADVAITH:advichess"]
[Result "1-0"]
[ICCResult "Black checkmated"]
[WhiteElo "1223"]
[BlackElo "859"]
[Opening "French: Winawer (Nimzovich) variation"]
[ECO "C15"]
[NIC "FR.08"]
[Time "13:17:09"]
[PlyCount "99"]
[TimeControl "3600+10"]

1. e4 e6 2. d4 d5 3. Nc3 Bb4 4. Bd3 Nc6 5. Nf3 Nge7 6. O-O O-O 7. Ng5 h6 8.
Qh5 Ng6 9. exd5 exd5 10. Nxf7 Rxf7 11. Qxg6 Bxc3 12. bxc3 Rf6 13. Qh5 Ne7
14. Re1 Qf8 15. f4 Bf5 16. Ba3 Re8 17. Rxe7 Rxe7 18. Bxe7 Qxe7 19. Bxf5 g6
20. Bxg6 Qe3+ 21. Kh1 Rxf4 22. Qxd5+ Kg7 23. Bd3 Rf2 24. Qe5+ Qxe5 25. dxe5
b6 26. Re1 Kf8 27. Re4 c5 28. Kg1 Rd2 29. Rh4 Kg7 30. e6 Rd1+ 31. Kf2 Rd2+
32. Kg3 c4 33. Rxc4 Kf6 34. Rc6 Ke7 35. Bf5 Rd5 36. Rc7+ Kd6 37. Rd7+ Ke5
38. Rxd5+ Kxd5 39. e7 Ke5 40. e8=Q+ Kxf5 41. Kf3 h5 42. Qe4+ Kf6 43. Kf4 h4
44. Qe5+ Kg6 45. Qf5+ Kg7 46. Kg5 a6 47. Qf6+ Kh7 48. Qf7+ Kh8 49. Kg6 h3
50. Qe8# { Black checkmated } 1-0

[Event "ICC tourney 2516 (60 10)"]
[Site "Internet Chess Club"]
[Date "2021.04.18"]
[Round "5"]
[White "JING, ANDREW:andrewj508"]
[Black "WANG, CONNOR JUNDA:czw1"]
[Result "0-1"]
[ICCResult "White checkmated"]
[WhiteElo "1325"]
[BlackElo "1359"]
[Opening "Sicilian: closed"]
[ECO "B23"]
[NIC "SI.44"]
[Time "13:17:11"]
[PlyCount "126"]
[TimeControl "3600+10"]

1. e4 c5 2. Nc3 e6 3. d3 a6 4. f4 d5 5. Nf3 d4 6. Ne2 Nc6 7. g3 Nf6 8. Bg2
b5 9. O-O Bb7 10. Bd2 Be7 11. h3 Qb6 12. g4 O-O-O 13. a4 b4 14. Ne5 Rhf8
15. Nc4 Qc7 16. e5 Nd5 17. Ng3 Na5 18. Qe2 Nxc4 19. dxc4 Nb6 20. Bxb7+ Qxb7
21. b3 Nd7 22. Qd3 Qc6 23. Rae1 h6 24. f5 Rde8 25. Nh5 Rg8 26. f6 gxf6 27.
Nxf6 Nxf6 28. exf6 Bd6 29. Bf4 Bxf4 30. Rxf4 e5 31. Qf5+ Qe6 32. Qxe6+ Rxe6
33. Rf5 Rg5 34. Rxg5 hxg5 35. Kg2 Kd7 36. Rf1 e4 37. Rf5 e3 38. Kf1 Kd6 39.
Ke2 Re5 40. Rf3 Re8 41. Rf5 Re5 42. Rf3 Ke6 43. Rf1 Kd7 44. Rh1 Re6 45. h4
gxh4 46. Rxh4 Rxf6 47. Rh1 Rf2+ 48. Kd1 Rf6 49. Rh2 Rg6 50. Rg2 Ke6 51. Ke2
Ke5 52. Rg1 f5 53. g5 Kf4 54. Rf1+ Kxg5 55. Kf3 Kf6 56. Rh1 Ke5 57. Rh5 Re6
58. Ke2 Ke4 59. Rh3 f4 60. Rh4 Rg6 61. Ke1 Kf3 62. Rh3+ Rg3 63. Rh2 Rg1# {
White checkmated } 0-1

[Event "ICC tourney 2516 (60 10)"]
[Site "Internet Chess Club"]
[Date "2021.04.18"]
[Round "5"]
[White "ROHRS, SOPHIE:RainbowQueen"]
[Black "JUTRAS, ARNAUD:arnaudjutras"]
[Result "0-1"]
[ICCResult "White checkmated"]
[WhiteElo "809"]
[BlackElo "1150"]
[Opening "Caro-Kann: exchange variation"]
[ECO "B13"]
[NIC "CK.02"]
[Time "13:17:27"]
[PlyCount "110"]
[TimeControl "3600+10"]

1. e4 c6 2. d4 d5 3. exd5 cxd5 4. Bd3 Nc6 5. Nf3 Bg4 6. h3 Bxf3 7. Qxf3
Nxd4 8. Qd1 Nf6 9. c3 Nc6 10. O-O e6 11. Bg5 Be7 12. Re1 O-O 13. Nd2 h6 14.
Bh4 Rc8 15. Bg3 a6 16. Qf3 b5 17. b4 Bd6 18. Bh4 Ne5 19. Qd1 Nxd3 20. Re3
Nb2 21. Qb3 Nc4 22. Re2 Nxd2 23. Rxd2 Be5 24. Rc2 Rc4 25. Bg3 Bxg3 26. fxg3
Qc7 27. Rb1 d4 28. g4 Rxc3 29. Rxc3 Qxc3 30. Qd1 Rc8 31. a4 Qe3+ 32. Kh2
Rc3 33. axb5 axb5 34. Ra1 Qf2 35. Qb1 Qc2 36. Ra8+ Kh7 37. Qf1 Qe4 38. Ra1
Qe5+ 39. Kg1 Qe3+ 40. Kh2 d3 41. Ra8 d2 42. Rd8 Qg3+ 43. Kg1 Rc1 44. Rxd2
Rxf1+ 45. Kxf1 Qf4+ 46. Kg1 Qxd2 47. g5 Qxg5 48. h4 Qf4 49. h5 e5 50. Kh1
e4 51. g3 Qf3+ 52. Kh2 e3 53. Kh3 e2 54. Kh2 e1=Q 55. g4 Qeh1# { White
checkmated } 0-1

[Event "ICC tourney 2516 (60 10)"]
[Site "Internet Chess Club"]
[Date "2021.04.18"]
[Round "5"]
[White "SINHA, TANISHI:NYCchesskid"]
[Black "CHAN, HANNAH:hannahchan"]
[Result "0-1"]
[ICCResult "White checkmated"]
[WhiteElo "625"]
[BlackElo "947"]
[Opening "Four knights: double Ruy Lopez"]
[ECO "C49"]
[NIC "KP.03"]
[Time "13:17:39"]
[PlyCount "94"]
[TimeControl "3600+10"]

1. e4 e5 2. Nf3 Nc6 3. Nc3 Nf6 4. Bb5 Bb4 5. d3 Nd4 6. Nxd4 exd4 7. a3
Bxc3+ 8. bxc3 dxc3 9. O-O O-O 10. Bg5 d6 11. Re1 Be6 12. Qe2 a6 13. Ba4 Qe7
14. Rad1 Rad8 15. d4 h6 16. Bh4 g5 17. Bg3 c6 18. d5 Bd7 19. dxc6 Bxc6 20.
Bxc6 bxc6 21. e5 dxe5 22. Bxe5 Rxd1 23. Rxd1 Nd7 24. Re1 Re8 25. Qh5 Nxe5
26. h3 Qf6 27. Re3 Rc8 28. Re4 Qg6 29. Qxg6+ Nxg6 30. Kf1 Rd8 31. Ke2 Kg7
32. Ke3 Kf6 33. g4 Rd2 34. f4 gxf4+ 35. Kf3 Rxc2 36. Rd4 Rc1 37. Rd6+ Kg5
38. Rxc6 Ne5+ 39. Ke4 Nxc6 40. Kd5 c2 41. Kxc6 Rb1 42. Kd6 c1=Q 43. Kd5
Rb5+ 44. Ke4 Qc4+ 45. Kf3 Rb3+ 46. Kf2 Qc2+ 47. Kf1 Rb1# { White checkmated
} 0-1

[Event "ICC tourney 2516 (60 10)"]
[Site "Internet Chess Club"]
[Date "2021.04.18"]
[Round "6"]
[White "YOON, JEREMY K:chessburger0220"]
[Black "HILL, LEO M:LeoMessy"]
[Result "0-1"]
[ICCResult "White checkmated"]
[WhiteElo "1235"]
[BlackElo "952"]
[Opening "Petrov's defense"]
[ECO "C42"]
[NIC "RG.03"]
[Time "16:32:14"]
[PlyCount "42"]
[TimeControl "3600+10"]

1. e4 e5 2. Nf3 Nf6 3. Nxe5 Nc6 4. Nxc6 dxc6 5. Nc3 Bc5 6. d3 Ng4 7. Be3
Bxe3 8. fxe3 Nxe3 9. Qd2 Nxf1 10. Rxf1 Be6 11. O-O-O Qe7 12. d4 O-O-O 13.
d5 cxd5 14. exd5 Qh4 15. Qe3 Bg4 16. Rd4 Rhe8 17. Qf4 Re1+ 18. Rxe1 Qxe1+
19. Rd1 Bxd1 20. Nxd1 Rxd5 21. Qxf7 Qxd1# { White checkmated } 0-1